[ AOE2 MATCH · #504937520 ]
UnrankedBengalis vs Japanese
Player's team · LOSS
Rival team · WIN
[ REPLAY ANALYSIS · EXTRACTED FROM THE RECORDED GAME ]
Feudal
15:35
Castle
—
Imperial
—
| APM avg | 32.4 |
| APM peak | 63 |
| eAPM avg | 14.3 |
| Villagers / military | 44 / 37 |
Focus
⚔️ 29.4% · 🌾 70.6%
Archer ×26 · Scout Cavalry ×11
Feudal
16:15
Castle
32:07
Imperial
—
| APM avg | 23.1 |
| APM peak | 58 |
| eAPM avg | 14.0 |
| Villagers / military | 44 / 56 |
Focus
⚔️ 25.8% · 🌾 74.2%
Militia ×34 · Skirmisher ×20 · Spearman ×2
Match map
Initial resources + every placement click. Lines = walls · curves = elevation contours. ◆ gold · ⬟ stone · ● berries · ✦ relic · ◌ wall gap
Your base· ✓ Closed at 12:00 · 5t walls · no gate
Nwalme583's base· Open — opponent sealed themselves in
Smoothed initial terrain · ◌ = detected wall gap · hover for details
Inputs per minute
— wookiee - - Nwalme583
Build order — wookiee
131 actions detected in the replay
| 0:02 | Build | House |
| 0:03 | Build | House |
| 0:04 | Queue | Villager (Male) |
| 0:04 | Queue | Villager (Male) |
| 0:04 | Queue | Villager (Male) |
| 0:05 | Queue | Villager (Male) |
| 0:44 | Research | Loom |
| 1:01 | Build | Palisade Wall |
| 2:05 | Queue | Villager (Male) |
| 3:13 | Build | House |
| 3:19 | Queue | Villager (Male) |
| 3:56 | Queue | Villager (Male) |
| 4:22 | Build | Palisade Wall |
| 4:32 | Queue | Villager (Male) |
| 4:57 | Queue | Villager (Male) |
| 5:21 | Queue | Villager (Male) |
| 6:01 | Queue | Villager (Male) |
| 6:01 | Queue | Villager (Male) |
| 6:26 | Queue | Villager (Male) |
| 6:53 | Queue | Villager (Male) |
| 7:14 | Queue | Villager (Male) |
| 7:36 | Queue | Villager (Male) |
| 7:36 | Queue | Villager (Male) |
| 8:09 | Build | House |
| 8:35 | Build | House |
| 8:39 | Queue | Villager (Male) |
| 8:39 | Queue | Villager (Male) |
| 9:20 | Queue | Villager (Male) |
| 9:49 | Queue | Villager (Male) |
| 9:51 | Queue | Villager (Male) |
| 10:22 | Build | Mill |
| 10:48 | Build | Lumber Camp |
| 11:20 | Queue | Villager (Male) |
| 11:21 | Queue | Villager (Male) |
| 11:21 | Queue | Villager (Male) |
| 11:52 | Build | House |
| 12:01 | Queue | Villager (Male) |
| 12:36 | Build | House |
| 12:37 | Queue | Villager (Male) |
| 13:11 | Build | Mill |
| 13:19 | Research | Feudal Age |
| 13:36 | Queue | Villager (Male) |
| 13:50 | Build | Barracks |
| 14:13 | Queue | Villager (Male) |
| 14:23 | Build | Mining Camp |
| 15:35 | Age | Feudal Age |
| 15:41 | Build | Archery Range |
| 16:04 | Queue | Villager (Male) |
| 16:25 | Queue | Archer |
| 16:26 | Queue | Archer |
| 16:36 | Build | Watch Tower |
| 16:48 | Build | Watch Tower |
| 17:34 | Queue | Archer |
| 17:52 | Build | Blacksmith |
| 17:57 | Build | House |
| 18:13 | Queue | Villager (Male) |
| 18:13 | Queue | Villager (Male) |
| 18:19 | Build | Farm |
| 18:22 | Build | House |
| 18:24 | Research | Fletching |
| 18:43 | Queue | Archer |
| 18:46 | Build | House |
| 18:58 | Research | Padded Archer Armor |
| 19:02 | Queue | Archer |
| 19:10 | Build | Archery Range |
| 19:16 | Queue | Villager (Male) |
| 19:24 | Build | Farm |
| 19:44 | Queue | Archer |
| 19:44 | Queue | Archer |
| 20:29 | Queue | Archer |
| 20:54 | Build | Stable |
| 20:55 | Queue | Villager (Male) |
| 20:56 | Queue | Villager (Male) |
| 21:13 | Queue | Archer |
| 21:29 | Queue | Scout Cavalry |
| 21:33 | Build | Farm |
| 21:34 | Build | Farm |
| 21:34 | Build | Farm |
| 21:34 | Build | Farm |
| 21:55 | Queue | Villager (Male) |
| 21:56 | Queue | Villager (Male) |
| 21:56 | Queue | Villager (Male) |
| 22:19 | Build | House |
| 22:23 | Build | House |
| 22:30 | Research | Bloodlines |
| 22:43 | Build | House |
| 22:51 | Research | Double-Bit Axe |
| 22:57 | Build | House |
| 23:20 | Queue | Archer |
| 23:32 | Build | Farm |
| 23:35 | Build | Farm |
| 23:39 | Build | Farm |
| 23:41 | Queue | Villager (Male) |
| 23:47 | Build | House |
| 23:53 | Queue | Archer |
| 24:05 | Build | Farm |
| 24:08 | Queue | Scout Cavalry |
| 24:47 | Queue | Scout Cavalry |
| 25:17 | Queue | Scout Cavalry |
| 25:45 | Queue | Villager (Male) |
| 25:45 | Queue | Villager (Male) |
| 25:46 | Queue | Villager (Male) |
| 25:52 | Queue | Archer |
| 25:52 | Queue | Archer |
| 26:01 | Build | Lumber Camp |
| 26:34 | Build | Mining Camp |
| 26:42 | Queue | Archer |
| 26:42 | Queue | Archer |
| 26:48 | Build | Farm |
| 27:16 | Queue | Scout Cavalry |
| 27:17 | Queue | Scout Cavalry |
| 27:34 | Queue | Archer |
| 28:11 | Queue | Scout Cavalry |
| 28:12 | Queue | Archer |
| 28:13 | Queue | Archer |
| 28:38 | Queue | Archer |
| 28:39 | Queue | Archer |
| 28:42 | Queue | Scout Cavalry |
| 28:50 | Build | Farm |
| 28:58 | Queue | Archer |
| 29:16 | Queue | Scout Cavalry |
| 29:20 | Queue | Archer |
| 29:27 | Build | Archery Range |
| 29:56 | Queue | Archer |
| 29:57 | Queue | Archer |
| 30:08 | Queue | Scout Cavalry |
| 30:18 | Queue | Archer |
| 30:19 | Queue | Archer |
| 30:20 | Queue | Scout Cavalry |
| 31:13 | Queue | Villager (Male) |
| 31:14 | Queue | Villager (Male) |
Build order — Nwalme583
First 150 of 170 actions detected
| 0:00 | Research | Loom |
| 0:08 | Build | House |
| 0:15 | Queue | Villager (Male) |
| 0:15 | Queue | Villager (Male) |
| 0:15 | Queue | Villager (Male) |
| 0:16 | Queue | Villager (Male) |
| 0:16 | Queue | Villager (Male) |
| 0:34 | Build | House |
| 0:36 | Build | House |
| 2:07 | Build | House |
| 2:14 | Queue | Villager (Male) |
| 2:14 | Queue | Villager (Male) |
| 3:14 | Build | House |
| 3:20 | Build | House |
| 3:35 | Build | Lumber Camp |
| 3:43 | Build | House |
| 3:52 | Queue | Villager (Male) |
| 3:52 | Queue | Villager (Male) |
| 3:52 | Queue | Villager (Male) |
| 4:54 | Build | Palisade Wall |
| 5:08 | Queue | Villager (Male) |
| 5:08 | Queue | Villager (Male) |
| 5:55 | Queue | Villager (Male) |
| 6:30 | Queue | Villager (Male) |
| 6:30 | Queue | Villager (Male) |
| 7:35 | Queue | Villager (Male) |
| 7:35 | Queue | Villager (Male) |
| 7:35 | Queue | Villager (Male) |
| 8:05 | Build | Mill |
| 8:30 | Queue | Villager (Male) |
| 8:31 | Queue | Villager (Male) |
| 9:03 | Build | Mill |
| 9:17 | Queue | Villager (Male) |
| 9:17 | Queue | Villager (Male) |
| 9:32 | Build | Barracks |
| 10:31 | Queue | Militia |
| 10:31 | Queue | Militia |
| 10:36 | Build | House |
| 10:37 | Build | House |
| 10:43 | Queue | Villager (Male) |
| 10:44 | Queue | Villager (Male) |
| 10:44 | Queue | Villager (Male) |
| 11:26 | Build | Mining Camp |
| 11:51 | Queue | Villager (Male) |
| 11:56 | Queue | Militia |
| 12:29 | Queue | Militia |
| 12:54 | Queue | Militia |
| 12:55 | Queue | Militia |
| 12:59 | Build | House |
| 13:01 | Build | House |
| 13:13 | Queue | Villager (Male) |
| 13:13 | Queue | Villager (Male) |
| 13:17 | Build | House |
| 14:05 | Research | Feudal Age |
| 14:41 | Queue | Militia |
| 14:41 | Queue | Militia |
| 14:52 | Build | Farm |
| 14:53 | Build | Farm |
| 14:53 | Build | Farm |
| 14:53 | Build | Farm |
| 14:54 | Build | Farm |
| 14:54 | Build | Farm |
| 14:54 | Build | Farm |
| 14:54 | Build | Farm |
| 14:55 | Build | Farm |
| 15:05 | Build | Mill |
| 16:15 | Age | Feudal Age |
| 16:16 | Research | Arson |
| 16:22 | Build | Blacksmith |
| 16:28 | Research | Man-at-Arms (upgrade) |
| 16:38 | Queue | Villager (Male) |
| 16:38 | Queue | Villager (Male) |
| 17:00 | Build | Watch Tower |
| 17:54 | Research | Scale Mail Armor |
| 17:59 | Build | Archery Range |
| 18:05 | Build | Farm |
| 18:06 | Queue | Villager (Male) |
| 18:07 | Queue | Villager (Male) |
| 18:07 | Queue | Villager (Male) |
| 18:13 | Research | Double-Bit Axe |
| 18:41 | Build | House |
| 18:41 | Build | House |
| 18:51 | Build | House |
| 18:56 | Queue | Villager (Male) |
| 19:05 | Queue | Skirmisher |
| 19:06 | Queue | Skirmisher |
| 20:04 | Queue | Militia |
| 20:04 | Queue | Militia |
| 20:29 | Queue | Skirmisher |
| 20:29 | Queue | Skirmisher |
| 20:29 | Queue | Skirmisher |
| 20:48 | Queue | Militia |
| 20:48 | Queue | Militia |
| 21:13 | Queue | Skirmisher |
| 21:13 | Queue | Skirmisher |
| 21:21 | Queue | Villager (Male) |
| 21:21 | Queue | Villager (Male) |
| 21:21 | Queue | Villager (Male) |
| 21:21 | Queue | Villager (Male) |
| 21:25 | Build | Farm |
| 21:27 | Build | Farm |
| 21:37 | Build | Market |
| 21:53 | Queue | Skirmisher |
| 22:00 | Queue | Militia |
| 22:00 | Queue | Militia |
| 22:14 | Build | Farm |
| 22:32 | Queue | Militia |
| 22:32 | Queue | Militia |
| 22:35 | Queue | Skirmisher |
| 22:36 | Queue | Skirmisher |
| 22:41 | Research | Fletching |
| 22:57 | Research | Gold Mining |
| 23:10 | Build | Lumber Camp |
| 23:23 | Queue | Spearman |
| 23:23 | Queue | Spearman |
| 23:25 | Queue | Skirmisher |
| 23:34 | Build | Farm |
| 23:36 | Build | Farm |
| 23:39 | Build | Farm |
| 23:41 | Research | Horse Collar |
| 23:52 | Research | Padded Archer Armor |
| 25:28 | Queue | Militia |
| 25:29 | Queue | Militia |
| 25:29 | Queue | Militia |
| 25:29 | Queue | Militia |
| 26:22 | Queue | Militia |
| 26:22 | Queue | Militia |
| 26:22 | Queue | Militia |
| 26:25 | Queue | Villager (Male) |
| 26:25 | Queue | Villager (Male) |
| 26:25 | Queue | Villager (Male) |
| 26:25 | Queue | Villager (Male) |
| 26:25 | Queue | Villager (Male) |
| 26:25 | Queue | Villager (Male) |
| 26:31 | Build | Farm |
| 26:32 | Build | Farm |
| 26:33 | Build | Farm |
| 26:33 | Build | Farm |
| 26:33 | Build | Farm |
| 26:54 | Queue | Skirmisher |
| 26:54 | Queue | Skirmisher |
| 26:54 | Queue | Skirmisher |
| 26:54 | Queue | Skirmisher |
| 26:55 | Queue | Skirmisher |
| 28:04 | Queue | Militia |
| 28:04 | Queue | Militia |
| 28:05 | Queue | Militia |
| 28:09 | Queue | Skirmisher |
| 28:10 | Queue | Skirmisher |
| 28:52 | Build | Watch Tower |
Match timeline
| 1:01 | wookiee · wall_segment Palisade Wall x5 |
| 4:22 | wookiee · wall_segment Palisade Wall x1 |
| 4:54 | Nwalme583 · wall_segment Palisade Wall x2 |
| 9:32 | Nwalme583 · first_building Barracks |
| 13:50 | wookiee · first_building Barracks |
| 15:35 | wookiee · age_up feudal |
| 15:41 | wookiee · first_building Archery Range |
| 16:15 | Nwalme583 · age_up feudal |
| 17:59 | Nwalme583 · first_building Archery Range |
| 20:54 | wookiee · first_building Stable |
| 22:40 | Nwalme583 · first_market_buy 100 food |
| 32:07 | Nwalme583 · age_up castle |
| 32:14 | Nwalme583 · first_market_sell 100 food |
| 32:30 | wookiee · resign |
[ AI ANALYSIS · 1 CREDIT ]
What really happened in this match?
Wolo.gg analyzes every decision: build order, eco, micro, common mistakes by bracket. Personalized analysis on WhatsApp or Discord in 30 seconds.
Civ guide
Bengalis
Perfil
wookiee